 Dungeon Sprint DCSS version 0.30-a0-223-gcb0039aa0c (webtiles) character file.

Game seed: 4692046616544691128

280063 wilfster70 the Formicid Cataclysm (level 21, -32/170 (204) HPs)
             Began as a Formicid Fighter on Oct 5, 2022.
             Was a High Priest of Qazlal.
             Killed from afar by a Tzitzimitl (54 damage)
             ... with a bolt of negative energy
             ... summoned by Ereshkigal
             ... in the Dungeon (Sprint VII: "The Pits") on Oct 9, 2022.
             The game lasted 00:38:35 (8962 turns).

wilfster70 the Formicid Cataclysm (FoFi)            Turns: 8962, Time: 00:38:36

HP:   -32/170 (204) AC: 57    Str: 33    XL:     21   Next: 33%
MP:   7/38          EV: 20    Int: 19    God:    Qazlal [*****.]
Gold: 242           SH: 44    Dex: 16    Spells: 31/40 levels left

rFire   + . .      SeeInvis +    b - +4 lajatang (vamp)
rCold   + + .      Faith    .    C - +6 tower shield {reflect}
rNeg    . . .      Spirit   .    K - +12 gold dragon scales of the Lute {rPois rF+ rC+ Will++}
rPois   +          Reflect  +    (helmet unavailable)
rElec   +          Harm     .    o - +2 cloak
rCorr   .          Rampage  .    G - +2 pair of gloves {Str+3}
Will    ++++.      Archmagi +    D - +2 pair of boots of Juigamuh {Str+3 Dex+3}
Stlth   ..........               c - amulet "Jugun" {Reflect rElec Int+6 SH+5}
HPRegen 0.48/turn                E - ring of the Mage {Wiz Archmagi}
MPRegen 0.26/turn                x - ring "Qidihib" {rF+ rC+ AC+6}

@: studying Transmutations, heavily drained, repel missiles
A: permanent stasis, dig shafts and tunnels, antennae 3, four strong arms, heat
vulnerability 1
}: 2/3 runes: silver, golden
a: Dig, Renounce Religion, Upheaval, Elemental Force, Disaster Area


You were in the Dungeon.
You worshipped Qazlal.
Qazlal was extremely pleased with you.
You visited 1 branch You collected 242 gold pieces.

Inventory:

Hand Weapons
 a - a +4 quarterstaff of speed
 b - a +4 vampiric lajatang (weapon)
Missiles
 H - a throwing net
Armour
 o - a +2 cloak (worn)
 C - a +6 tower shield of reflection (worn)
 D - the +2 pair of boots of Juigamuh (worn) {Str+3 Dex+3}
   (You found it in the Dungeon)

   Str:       It affects your strength (+3).
   Dex:       It affects your dexterity (+3).
 G - a +2 pair of gloves of strength (worn)
 K - the +12 gold dragon scales of the Lute (worn) {rPois rF+ rC+ Will++}
   (You found it in the Dungeon)

   rF:        It protects you from fire.
   rC:        It protects you from cold.
   rPois:     It protects you from poison.
   Will:      It greatly increases your willpower.
Jewellery
 c - the amulet "Jugun" (around neck) {Reflect rElec Int+6 SH+5}
   (You found it in the Dungeon)

   [amulet of reflection]

   It reflects blocked missile attacks.
   Int:       It affects your intelligence (+6).
   rElec:     It insulates you from electricity.
   SH:        It affects your SH (+5).
 m - a ring of fire
 q - a +6 ring of intelligence
 w - the ring of the Black Skies {AC+6 Str+3}
   (You found it in the Dungeon)

   [ring of protection]

   AC:        It affects your AC (+6).
   Str:       It affects your strength (+3).
 x - the ring "Qidihib" (right hand) {rF+ rC+ AC+6}
   (You found it in the Dungeon)

   [ring of protection]

   AC:        It affects your AC (+6).
   rF:        It protects you from fire.
   rC:        It protects you from cold.
 z - the ring of Neehec {Will+ Int+6 Dex+4 Slay+3 Stlth+}
   (You took it off a yaktaur in the Dungeon)

   [ring of intelligence]

   Int:       It affects your intelligence (+6).
   Dex:       It affects your dexterity (+4).
   Slay:      It affects your accuracy & damage with ranged weapons and melee
   (+3).
   Will:      It increases your willpower.
   Stlth:     It makes you more stealthy.
 E - the ring of the Mage (left hand) {Wiz Archmagi}
   (You took it off a hell knight in the Dungeon)

   [ring of wizardry]

   It improves your spell success rate.
   Archmagi:  It increases the power of your magical spells.
 I - the ring "Paishrau" {Wiz rPois Will+ Str-2 Stlth+}
   (You found it in the Dungeon)

   [ring of wizardry]

   It improves your spell success rate.
   Str:       It affects your strength (-2).
   rPois:     It protects you from poison.
   Will:      It increases your willpower.
   Stlth:     It makes you more stealthy.
Wands
 p - a wand of iceblast (13)
Scrolls
 i - 7 scrolls of amnesia
 j - a scroll of summoning
 r - 10 scrolls of identify
 s - 4 scrolls of fear
 v - a scroll of silence
 A - 2 scrolls of fog
 F - a scroll of magic mapping
Potions
 d - 8 potions of might
 e - 11 potions of curing
 f - 12 potions of heal wounds
 g - 8 potions of magic
 h - 2 potions of invisibility
 k - 7 potions of brilliance
 t - 9 potions of mutation
 B - a potion of resistance
Miscellaneous
 l - a condenser vane
 n - a phantom mirror


   Skills:
 O Level 27 Fighting
 O Level 27 Staves
 O Level 27 Ranged Weapons
 + Level 10.1 Throwing
 O Level 27 Armour
 O Level 27 Dodging
 O Level 27 Shields
 + Level 10.4 Spellcasting
 - Level 6.2 Transmutations
 + Level 12.0 Earth Magic
 O Level 27 Invocations
 O Level 27 Evocations


You had 31 spell levels left.
You knew the following spells:

 Your Spells              Type           Power      Damage    Failure   Level
a - Shatter               Erth           35%        3d28*     100%        9

Your spell library contained the following spells:

 Spells                   Type           Power      Damage    Failure   Level
 Beastly Appendage        Tmut           100%       N/A       1%          1
 Sandblast                Erth           100%       2d20      1%          1
 Wereblood                Tmut           50%        N/A       1%          2
 Lee's Rapid Deconstruct  Erth           35%        3d19*     2%          5
 Sting                    Tmut/Pois      100%       1d8       3%          1
 Spider Form              Tmut/Pois      32%        N/A       11%         3
 Apportation              Tloc           28%        N/A       13%         1
 Freeze                   Ice            56%        1d7       13%         1
 Kiss of Death            Conj/Necr      56%        2d9       13%         1
 Necrotise                Necr           56%        1d6       13%         1
 Summon Small Mammal      Summ           56%        N/A       13%         1
 Ignite Poison            Fire/Tmut/Pois 26%        N/A       16%         3
 Cigotuvi's Dreadful Rot  Necr/Pois/Air  28%        N/A       19%         2
 Poisonous Vapours        Pois/Air       28%        N/A       19%         2
 Borgnjor's Vile Clutch   Necr/Erth      24%        N/A       28%         5
 Call Canine Familiar     Summ           14%        N/A       34%         3
 Confusing Touch          Hex            14%        N/A       34%         3
 Gell's Gravitas          Tloc           14%        N/A       34%         3
 Hailstorm                Conj/Ice       14%        3d5       34%         3
 Inner Flame              Hex/Fire       14%        N/A       34%         3
 Kindle Blastsparks       Fire/Tloc/Air  28%        2d12      34%         3
 Mephitic Cloud           Conj/Pois/Air  14%        N/A       34%         3
 Ozocubu's Armour         Ice            14%        N/A       34%         3
 Portal Projectile        Hex/Tloc       28%        N/A       34%         3
 Summon Guardian Golem    Hex/Summ       14%        N/A       34%         3
 Teleport Other           Tloc           14%        N/A       34%         3
 Alistair's Intoxication  Tmut/Pois      21%        N/A       65%         5
 Airstrike                Air            7%         2d(1-17)  75%         4
 Anguish                  Hex/Necr       7%         N/A       75%         4
 Cause Fear               Hex            7%         N/A       75%         4
 Dispel Undead            Necr           14%        3d10      75%         4
 Fulminant Prism          Conj/Hex       7%         3d7       75%         4
 Iskenderun's Mystic Bla  Conj/Tloc      14%        2d5       75%         4
 Olgreb's Toxic Radiance  Pois           14%        N/A       75%         4
 Summon Lightning Spire   Summ/Air       14%        N/A       75%         4
 Iron Shot                Conj/Erth      24%        9d5       82%         6
 Fireball                 Conj/Fire      7%         3d5       96%         5
 Freezing Cloud           Conj/Ice/Air   7%         6-21      96%         5
 Iskenderun's Battlesphe  Conj           14%        2d7       96%         5
 Lightning Bolt           Conj/Air       7%         1d19      96%         5
 Metabolic Englaciation   Hex/Ice        7%         N/A       96%         5
 Summon Mana Viper        Hex/Summ       14%        N/A       96%         5
 Eringya's Noxious Bog    Tmut/Pois      16%        N/A       99%         6
 Conjure Ball Lightning   Conj/Air       7%         3x3d6     100%        6
 Death Channel            Necr           7%         N/A       100%        6
 Dispersal                Tloc           7%         N/A       100%        6
 Simulacrum               Ice/Necr       7%         N/A       100%        6
 Enfeeble                 Hex            7%         N/A       100%        7
 Orb of Destruction       Conj           7%         9d6       100%        7
 Spellforged Servitor     Conj/Summ      7%         N/A       100%        7
 Lehudib's Crystal Spear  Conj/Erth      24%        10d7      100%        8
 Chain Lightning          Conj/Air       7%         3d9       100%        9
 Fire Storm               Conj/Fire      7%         8d2       100%        9
 Polar Vortex             Ice            7%         N/A       100%        9


Dungeon Overview and Level Annotations

Branches:
Dungeon (1/1)

Altars:
Ashenzari
Cheibriados
Dithmenos
Elyvilon
Fedhas
Gozag
Hepliaklqana
Kikubaaqudgha
Makhleb
Nemelex Xobeh
Okawaru
Qazlal
Ru
Sif Muna
Trog
Uskayaw
Vehumet
Wu Jian
Xom
Yredelemnul
Zin
The Shining One
Jiyva
Lugonu

Annotations:
D Ereshkigal


Innate Abilities, Weirdness & Mutations

You cannot be hasted, slowed, berserked, paralysed or teleported.
You can dig through walls and to a lower floor.
You have a pair of large antennae on your head. (SInv)
Your four strong arms can wield two-handed weapons with a shield.
You are vulnerable to heat. (rF-)


Message History

You block Ereshkigal's attack.
The Tzitzimitl calls on the powers of darkness!
Your body is wracked with pain!
* * * LOW HITPOINT WARNING * * *
The Tzitzimitl calls on the powers of darkness!
Your body is wracked with pain!
* * * LOW HITPOINT WARNING * * *
You feel much better.
Ereshkigal is struck by lightning.
Ereshkigal calls on the powers of darkness!
Your body is wracked with pain!
* * * LOW HITPOINT WARNING * * *
You block the Tzitzimitl's attack. x2; You block Ereshkigal's attack.
Activating: Disaster Area (0% risk of failure)
Press: ? - help, Dir - look around, f - activate Nature churns violently around you!
The blast of magma engulfs the Tzitzimitl!
The Tzitzimitl is lightly wounded.
The blast of magma engulfs the Tzitzimitl!!!
The Tzitzimitl is heavily wounded.
Ereshkigal gestures.
You block the Tzitzimitl's attack. x2
The Tzitzimitl gestures at you.
The bolt of negative energy hits Ereshkigal.
Ereshkigal completely resists.
The bolt of negative energy misses you.
Activating: Disaster Area (0% risk of failure)
Press: ? - help, Dir - look around, f - activate Nature churns violently around you!
The blast of ice hits the Tzitzimitl!!
The Tzitzimitl partially resists.
The Tzitzimitl is severely wounded.
The Tzitzimitl is flash-frozen.
The blast of ice hits Ereshkigal!!
Ereshkigal partially resists.
Ereshkigal is moderately wounded.
Ereshkigal is flash-frozen.
The blast of ice hits the Tzitzimitl!!
The Tzitzimitl partially resists.
You kill the Tzitzimitl!
The Tzitzimitl disappears in a puff of smoke!
You block Ereshkigal's attack. You block the Tzitzimitl's attack. x2
The Tzitzimitl gestures at you. The bolt of negative energy hits you!!!
You feel drained.
You die...

........# { { #) .!......# { #'
........# { #. ....[..## {{{ { {
{ { { { #' ......## { { #.
.....## { { { #' ÷[#### { {
####### ### { #. ''#### ####
#1&§'≈#{+.# # #) .....###
#))####@###'###'#&# #)
.......###'#.'#'1'##.'#{1'# { #'
........##.###.###.###.###J### #)
).......###'.###.###.###)###.###'
[.......# #...'...'.).'.))'.).##.
)).....####[.##'.##'.##')##+.##.)
.).[.### #.###)###.###.### ##''..
###### ### ## ### ### ####[
################################'


You could see Ereshkigal (frozen) and 2 Tzitzimimeh.

Vanquished Creatures
  Dissolution (D)
  Asmodeus (D)
  2 pandemonium lords (D)
  Lom Lobon (D)
  An ancient lich (D)
  Mennas (D)
  Boris (D)
  2 royal mummies (D)
  Margery (D)
  Frederick (D)
  12 golden dragons (D)
  A profane servitor (D)
  Nikola (D)
  Jory (D)
  A bone dragon (D)
  A Brimstone Fiend (D)
  A pearl dragon (D)
  2 electric golems (D)
  A hellephant (D)
  A Tzitzimitl (D)
  A Hell Sentinel (D)
  Rupert (D)
  3 Ice Fiends (D)
  7 Orb Guardians (D)
  A tentacled monstrosity (D)
  2 liches (D)
  8 quicksilver dragons (D)
  5 titans (D)
  An acid blob (D)
  3 deep elf master archers (D)
  4 deep elf blademasters (D)
  A death cob (D)
  A sphinx (D)
  3 Executioners (D)
  Agnes (D)
  10 shadow dragons (D)
  2 storm dragons (D)
  3 azure jellies (D)
  3 draconian monks (D)
  4 frost giants (D)
  A ghost moth (D)
  A nagaraja (D)
  3 draconian scorchers (D)
  3 deep elf sorcerers (D)
  5 fire giants (D)
  6 iron dragons (D)
  Aizul (D)
  A cacodemon (D)
  A balrug (D)
  4 orc warlords (D)
  2 reapers (D)
  An ophan (D)
  A draconian annihilator (D)
  3 green draconians (D)
  A war gargoyle (D)
  3 deep elf demonologists (D)
  2 apis (D)
  A lorocyproca (D)
  2 deep elf annihilators (D)
  2 black draconians (D)
  A purple draconian (D)
  A yellow draconian (D)
  A dire elephant (D)
  A red draconian (D)
  A white draconian (D)
  A minotaur (D)
  A green death (D)
  4 deep elf death magi (D)
  2 blizzard demons (D)
  An eidolon (D)
  A merfolk javelineer (D)
  2 ettins (D)
  14 fire dragons (D)
  A mummy priest (D)
  14 vault guards (D)
  3 yaktaur captains (D)
  9 ice dragons (D)
  2 hell beasts (D)
  2 spriggan air magi (D)
  3 ogre magi (D)
  2 catoblepae (D)
  15 hydras (D)
  2 death knights (D)
  A merfolk avatar (D)
  2 centaur warriors (D)
  2 anacondas (D)
  An alligator snapping turtle (D)
  A merfolk aquamancer (D)
  3 naga warriors (D)
  A boulder beetle (D)
  2 dancing weapons (D)
  2 vampire magi (D)
  A death yak (D)
  20 hell knights (D)
  2 soul eaters (D)
  3 deep elf knights (D)
  4 spriggans (D)
  A death drake (D)
  A shadow wraith (D)
  2 iron trolls (D)
  A cherub (D)
  A flayed ghost (D)
  A phantasmal warrior (D)
  11 orc knights (D)
  17 wizards (D)
  13 swamp dragons (D)
  2 deep elf zephyrmancers (D)
  13 necromancers (D)
  2 deep elf pyromancers (D)
  A lindwurm (D)
  2 orc sorcerers (D)
  A wolf spider (D)
  A glowing shapeshifter (D)
  2 cyclopes (D)
  A large abomination (D)
  A moth of wrath (D)
  An ugly thing (D)
  A naga mage (D)
  A black mamba (D)
  A molten gargoyle (D)
  An eye of devastation (D)
  2 smoke demons (D)
  An orange demon (D)
  3 hellions (D)
  An unseen horror (D)
  A freezing wraith (D)
  An ice devil (D)
  An efreet (D)
  9 yaktaurs (D)
  3 tormentors (D)
  3 trolls (D)
  2 guardian mummies (D)
  5 merfolk (D)
  A tarantella (D)
  A wind drake (D)
  5 hornets (D)
  Grinder (D)
  A polar bear (D)
  A tarantella (shapeshifter) (D)
  A wandering mushroom (D)
  4 jumping spiders (D)
  A culicivora (D)
  A shadow (D)
  A wraith (D)
  2 ynoxinuls (D)
  An air elemental (D)
  A vampire (D)
  2 water elementals (D)
  2 wyverns (D)
  12 humans (D)
  4 redbacks (D)
  2 golden eyes (D)
  A neqoxec (D)
  A steam dragon (D)
  6 vampire mosquitoes (D)
  3 wargs (D)
  4 floating eyes (D)
  2 hell hounds (D)
  A swamp drake (D)
  A sky beast (D)
  8 orc warriors (D)
  An ice beast (D)
  5 wolves (D)
  2 phantoms (D)
  A centaur (shapeshifter) (D)
  A scorpion (D)
  2 wights (D)
  5 killer bees (D)
  3 crimson imps (D)
  A gnoll bouda (D)
  A hound (D)
  3 orc priests (D)
  An orc wizard (D)
  Terence (D)
  A hell rat (D)
  2 mummies (D)
  5 gnolls (D)
  A river rat (D)
  A white imp (D)
  2 adder zombies (D)
  An adder skeleton (D)
  An adder simulacrum (D)
  14 orcs (D)
  A bat (D)
  A bat skeleton (D)
  A bat zombie (D)
  2 goblins (D)
  A kobold (D)
  A quokka (D)
  A quokka skeleton (D)
  A rat (D)
  3 ball lightnings (D)
520 creatures vanquished.

Vanquished Creatures (collateral kills)
  An angel (D)
  A deep troll (D)
  A guardian serpent (D)
  A hell hound (D)
  A swamp drake (D)
5 creatures vanquished.

Vanquished Creatures (others)
  A Brimstone Fiend (D)
  A lich (D)
  6 ball lightnings (D)
8 creatures vanquished.

Grand Total: 533 creatures vanquished

Notes
Turn   | Place    | Note
-------+----------+-------------------------------------------
     0 | D        | wilfster70 the Formicid Fighter began the quest for the
                  | Orb.
     0 | D        | Reached XP level 1. HP: 18/18 MP: 1/1
    13 | D        | Noticed a floating eye
    17 | D        | Killed a floating eye
    18 | D        | Reached skill level 5 in Fighting
    18 | D        | Reached skill level 5 in Staves
    18 | D        | Reached skill level 5 in Armour
    18 | D        | Reached XP level 2. HP: 27/27 MP: 2/2
    18 | D        | Reached XP level 3. HP: 33/33 MP: 3/3
    18 | D        | Reached XP level 4. HP: 39/39 MP: 4/4
    18 | D        | Reached XP level 5. HP: 44/44 MP: 5/5
    47 | D        | Found a bloodstained altar of Trog.
    47 | D        | Found a shimmering blue altar of Sif Muna.
    47 | D        | Found a viscous altar of Jiyva.
    47 | D        | Found a hazy altar of Hepliaklqana.
    47 | D        | Found an opulent altar of Gozag.
    48 | D        | Found a glowing golden altar of the Shining One.
    48 | D        | Found a glowing silver altar of Zin.
    48 | D        | Found a basalt altar of Yredelemnul.
    48 | D        | Found a shimmering altar of Xom.
    48 | D        | Found an ornate altar of the Wu Jian Council.
    48 | D        | Found a sacrificial altar of Ru.
    48 | D        | Found a stormy altar of Qazlal.
    48 | D        | Found an iron altar of Okawaru.
    48 | D        | Found a sparkling altar of Nemelex Xobeh.
    48 | D        | Found a burning altar of Makhleb.
    48 | D        | Found a blossoming altar of Fedhas.
    48 | D        | Found a white marble altar of Elyvilon.
    48 | D        | Found a shadowy altar of Dithmenos.
    48 | D        | Found a snail-covered altar of Cheibriados.
    50 | D        | Found a radiant altar of Vehumet.
    50 | D        | Found a corrupted altar of Lugonu.
    51 | D        | Found a hide-covered altar of Uskayaw.
    51 | D        | Found an ancient bone altar of Kikubaaqudgha.
    51 | D        | Found a broken altar of Ashenzari.
    55 | D        | Became a worshipper of Qazlal Stormbringer
    83 | D        | Reached * piety under Qazlal
   102 | D        | Reached XP level 6. HP: 10/52 MP: 5/8
   106 | D        | Reached ** piety under Qazlal
   341 | D        | Noticed a floating eye
   351 | D        | Killed a floating eye
   351 | D        | Reached *** piety under Qazlal
   369 | D        | Reached skill level 5 in Invocations
   369 | D        | Reached XP level 7. HP: 60/60 MP: 10/10
   393 | D        | Reached **** piety under Qazlal
   417 | D        | Reached skill level 10 in Staves
   419 | D        | Noticed a hornet
   438 | D        | Killed a hornet
   439 | D        | Reached XP level 8. HP: 58/69 MP: 11/13
   485 | D        | Reached ***** piety under Qazlal
   573 | D        | Noticed a deep elf zephyrmancer
   573 | D        | Noticed a tarantella
   578 | D        | Killed a tarantella
   587 | D        | Killed a deep elf zephyrmancer
   588 | D        | Reached XP level 9. HP: 76/78 MP: 15/15
   717 | D        | Reached skill level 10 in Fighting
   727 | D        | Reached ****** piety under Qazlal
   729 | D        | Reached skill level 10 in Armour
   807 | D        | Noticed Grinder
   814 | D        | Reached skill level 10 in Invocations
   820 | D        | Killed Grinder
   821 | D        | Reached XP level 10. HP: 78/88 MP: 17/17
   957 | D        | Noticed a phantasmal warrior
   962 | D        | Noticed a lindwurm
   983 | D        | Killed a phantasmal warrior
   985 | D        | Killed a lindwurm
  1107 | D        | Noticed a death yak
  1108 | D        | Noticed a black mamba
  1113 | D        | Noticed an eye of devastation
  1116 | D        | Killed a black mamba
  1116 | D        | Killed a death yak
  1295 | D        | Killed an eye of devastation
  1296 | D        | Reached XP level 11. HP: 97/97 MP: 21/21
  1307 | D        | Noticed a boulder beetle
  1333 | D        | Killed a boulder beetle
  1334 | D        | Reached skill level 15 in Invocations
  1345 | D        | Noticed an anaconda
  1359 | D        | Killed an anaconda
  1400 | D        | Noticed Terence
  1412 | D        | Killed Terence
  1414 | D        | Noticed a deep elf pyromancer
  1422 | D        | Noticed a flayed ghost
  1424 | D        | Killed a flayed ghost
  1425 | D        | Killed a deep elf pyromancer
  1614 | D        | Noticed a spriggan rider
  1626 | D        | Killed a spriggan rider
  1643 | D        | Got the Codex of the Glacier and the Rocks
  1782 | D        | Reached skill level 15 in Fighting
  1782 | D        | Reached skill level 15 in Armour
  1782 | D        | Reached XP level 12. HP: 77/109 MP: 25/25
  1976 | D        | Noticed a deep troll
  1980 | D        | Noticed a deep elf blademaster
  1998 | D        | Killed a deep elf blademaster
  2002 | D        | Killed a deep troll
  2005 | D        | Noticed a shadow wraith
  2009 | D        | Noticed a deep elf sorcerer
  2015 | D        | Killed a shadow wraith
  2023 | D        | Killed a deep elf sorcerer
  2039 | D        | Noticed a merfolk avatar
  2039 | D        | Noticed a catoblepas
  2039 | D        | Noticed a deep elf sorcerer
  2041 | D        | Noticed a swamp dragon
  2053 | D        | Killed a catoblepas
  2057 | D        | Killed a merfolk avatar
  2067 | D        | Reached XP level 13. HP: 32/119 MP: 19/27
  2078 | D        | Killed a deep elf sorcerer
  2347 | D        | Noticed a centaur warrior
  2360 | D        | Killed a centaur warrior
  2441 | D        | Noticed a four-headed hydra
  2443 | D        | Noticed an eidolon
  2444 | D        | Killed an eidolon
  2455 | D        | Killed a four-headed hydra
  2469 | D        | Upgraded the game from 0.30-a0-218-gedb9141078 to
                  | 0.30-a0-223-gcb0039aa0c
  2578 | D        | Noticed a hell beast
  2578 | D        | Noticed a merfolk javelineer
  2598 | D        | Killed a hell beast
  2633 | D        | Reached skill level 5 in Evocations
  2692 | D        | Killed a merfolk javelineer
  2840 | D        | Noticed Aizul
  2840 | D        | Noticed Agnes
  2841 | D        | Killed Agnes
  2841 | D        | Killed Aizul
  2850 | D        | Noticed a spriggan air mage
  2852 | D        | Killed an acid blob
  2852 | D        | Killed a spriggan air mage
  2852 | D        | Killed a spriggan air mage
  2853 | D        | Reached XP level 14. HP: 128/133 MP: 14/30
  2856 | D        | Noticed a storm dragon
  2856 | D        | Noticed an apis
  2859 | D        | Noticed a dire elephant
  2862 | D        | Killed a storm dragon
  2862 | D        | Killed an apis
  2862 | D        | Killed a dire elephant
  2863 | D        | Reached skill level 10 in Evocations
  2974 | D        | Noticed a purple draconian
  2996 | D        | Killed a purple draconian
  3091 | D        | Reached skill level 27 in Invocations
  3529 | D        | Noticed a deep elf master archer
  3535 | D        | Killed a deep elf master archer
  3675 | D        | Noticed a frost giant
  3677 | D        | Identified the ring of Neehec {Will+ Int+6 Dex+4 Slay+3
                  | Stlth+}
  3678 | D        | Noticed a nagaraja
  3678 | D        | Noticed a shadow dragon
  3679 | D        | Killed a nagaraja
  3689 | D        | Killed a frost giant
  3689 | D        | Killed a shadow dragon
  3772 | D        | Noticed a minotaur
  3776 | D        | Killed a minotaur
  3868 | D        | Noticed a tentacled monstrosity
  3871 | D        | Killed a tentacled monstrosity
  3937 | D        | Noticed a white draconian
  3964 | D        | Killed a white draconian
  3965 | D        | Reached skill level 15 in Evocations
  4123 | D        | Noticed a black draconian
  4123 | D        | Noticed an angel
  4124 | D        | Noticed a storm dragon
  4129 | D        | Killed a black draconian
  4129 | D        | Killed a storm dragon
  4130 | D        | Reached XP level 15. HP: 148/148 MP: 23/32
  4139 | D        | Killed an angel
  4252 | D        | Identified the ring of Suoqud {Wiz Int+5 Dex+7 Stlth-}
  4254 | D        | Identified the +7 falchion "Acwuczaa" {antimagic, Fly rC-
                  | Int+7 Dex+2}
  4254 | D        | Noticed Rupert
  4254 | D        | Identified the +6 quarterstaff of Shrieking Terror {freeze,
                  | Int+2}
  4255 | D        | Killed Rupert
  4256 | D        | Reached skill level 15 in Shields
  4256 | D        | Reached XP level 16. HP: 164/164 MP: 24/33
  4359 | D        | Got a silver rune of Zot
  4660 | D        | Reached skill level 27 in Fighting
  4711 | D        | Noticed a deep elf blademaster
  4716 | D        | Killed a deep elf blademaster
  4838 | D        | Found the +3 crown of Dyrovepreva {rElec Int+2 SInv}
  4917 | D        | Noticed a death cob
  4929 | D        | Killed a death cob
  4990 | D        | Noticed a green draconian monk
  4991 | D        | Killed a green draconian monk
  4992 | D        | Reached skill level 27 in Evocations
  5020 | D        | Noticed a deep elf sorcerer
  5023 | D        | Killed a deep elf sorcerer
  5025 | D        | Reached skill level 5 in Dodging
  5048 | D        | Reached XP level 17. HP: 66/174 MP: 24/34
  5296 | D        | Got the ring of the Powerful God {Will+ SInv}
  5305 | D        | Got the ring of the Black Skies {AC+6 Str+3}
  5310 | D        | Got the ring of Eleigro {rPois Str+3}
  5313 | D        | Got the ring "Ofugg" {rF+ rC+ rN+ Int-4}
  5317 | D        | Got the ring "Qidihib" {rF+ rC+ AC+6}
  5321 | D        | Got the ring "Kogh" {EV+6 Dex+2 Stlth+}
  5324 | D        | Got the ring "Xyaq" {rC+ rN+}
  5327 | D        | Got the ring of the Bedazzled God {rN+ MP+9 Int+6 Dex+4}
  5330 | D        | Got the ring "Maucral" {Fly rF+ EV+6 Int+4 SInv}
  5333 | D        | Got the ring of Balance {rC+ rN+ Str+6}
  5336 | D        | Got the ring of Pacidy {rC+ Str+2 Int+3 Dex-3 SInv}
  5339 | D        | Got the ring "Duqaloato" {Fire Will+ Int+3}
  5372 | D        | Got the amulet "Tob Keaw" {Spirit -Cast rF+ Regen+}
  5375 | D        | Got the amulet of Equilibrium {Faith rPois rCorr}
  5378 | D        | Got the amulet of Funwosif {Spirit rC+ Str+3}
  5381 | D        | Got the ring "Axkuachi" {rF- EV+4 Dex+3}
  5384 | D        | Got the ring "Vyn Ciat" {*Corrode rPois Will+ Str+4}
  5387 | D        | Got the amulet of Tension {Faith rPois Will++ Slay-6
                  | Stlth+}
  5388 | D        | Noticed a sphinx
  5398 | D        | Killed a sphinx
  5399 | D        | Noticed a lich
  5411 | D        | Killed a lich
  5424 | D        | Got the amulet of Ahuh Meaj {RegenMP Fragile rC++ Will++}
  5427 | D        | Got the amulet of Makhleb's Favour {rC- Regen+ Int+5}
  5430 | D        | Got the amulet of the Blind Eye {Faith Fragile Dex+5}
  5433 | D        | Got the ring of Guluc {Str+6 Slay+2}
  5436 | D        | Got the ring "Anteigotac" {rC+ Str+5 Slay+5}
  5439 | D        | Got the amulet of Ychomin {Faith Rampage Str+3}
  5442 | D        | Got the amulet of Lydghi Wetehu {Faith rN+ rCorr Slay-4}
  5445 | D        | Got the ring "Zonud" {Dex+3 Slay+5}
  5466 | D        | Got the Anthology of the Assassin and Grit
  5478 | D        | Got the Incunable of Viperous Hurting
  5480 | D        | Got Ydathet's Omnibus of the Nocuous Oath
  5485 | D        | Got the Dissertation on Blight and Hexes
  5620 | D        | Noticed Margery
  5621 | D        | Killed Margery
  5632 | D        | Reached skill level 10 in Dodging
  5697 | D        | Noticed a bone dragon
  5700 | D        | Noticed a titan
  5710 | D        | Noticed an Executioner
  5712 | D        | Killed an Executioner
  5712 | D        | Killed a titan
  5713 | D        | Killed a bone dragon
  5751 | D        | Noticed a hellephant
  5771 | D        | Killed a hellephant
  5784 | D        | Noticed a quicksilver dragon
  5785 | D        | Noticed an ancient lich
  5790 | D        | Killed an ancient lich
  5790 | D        | Killed a quicksilver dragon
  5791 | D        | Reached XP level 18. HP: 182/182 MP: 19/35
  5792 | D        | Noticed a profane servitor
  5819 | D        | Killed a profane servitor
  5820 | D        | Reached skill level 15 in Dodging
  5899 | D        | Got the +2 pair of boots of Juigamuh {Str+3 Dex+3}
  5972 | D        | Got the ring of Piul {rF+ SInv}
  5975 | D        | Got the amulet "Tonkea" {Reflect +Blink SH+5}
  5978 | D        | Got the amulet of Lust {rPois Regen+}
  5983 | D        | Got the ring of Tomorrow {MP+9 Str+4}
  5986 | D        | Got the amulet of Attitude {Acrobat rF- rN+ Str+2 Stlth+}
  5989 | D        | Got the amulet "Jugun" {Reflect rElec Int+6 SH+5}
  6001 | D        | Got the ring of Departure {rC+ Str+2 SInv}
  6004 | D        | Got the ring of Heyla {Fire Drain rN+++ Int+4}
  6044 | D        | Noticed a titan
  6044 | D        | Noticed a deep elf blademaster
  6044 | D        | Noticed a lich
  6045 | D        | Killed a titan
  6045 | D        | Killed a deep elf blademaster
  6048 | D        | Killed a lich
  6084 | D        | Noticed Frederick
  6084 | D        | Noticed an Orb Guardian
  6084 | D        | Noticed an Orb Guardian
  6084 | D        | Noticed an Orb Guardian
  6084 | D        | Noticed an Orb Guardian
  6084 | D        | Noticed an Executioner
  6084 | D        | Noticed Boris
  6085 | D        | Noticed a deep elf blademaster
  6085 | D        | Noticed a quicksilver dragon
  6085 | D        | Noticed an Orb Guardian
  6086 | D        | Killed an Executioner
  6086 | D        | Killed a quicksilver dragon
  6086 | D        | Killed a deep elf blademaster
  6087 | D        | Killed Boris
  6087 | D        | Killed Frederick
  6087 | D        | Killed an Orb Guardian
  6087 | D        | Noticed Hypasett the pandemonium lord
  6088 | D        | Reached skill level 27 in Shields
  6088 | D        | Noticed a Brimstone Fiend
  6088 | D        | Noticed a pearl dragon
  6090 | D        | Noticed a lich
  6091 | D        | Noticed Lom Lobon
  6091 | D        | Noticed an Orb Guardian
  6091 | D        | Killed an Orb Guardian
  6092 | D        | Killed an Orb Guardian
  6092 | D        | Killed an Orb Guardian
  6093 | D        | Reached skill level 27 in Armour
  6094 | D        | Killed a lich
  6094 | D        | Killed a Brimstone Fiend
  6096 | D        | Killed a pearl dragon
  6096 | D        | Killed an Orb Guardian
  6096 | D        | Killed an Orb Guardian
  6096 | D        | Killed Hypasett the pandemonium lord
  6098 | D        | Noticed a titan
  6098 | D        | Killed a titan
  6098 | D        | Killed an Orb Guardian
  6106 | D        | Killed Lom Lobon
  6107 | D        | Reached XP level 19. HP: 50/189 MP: 5/36
  6489 | D        | Noticed an electric golem
  6523 | D        | Killed an electric golem
  6557 | D        | Noticed a golden dragon
  6570 | D        | Killed a golden dragon
  6836 | D        | Noticed a titan
  6848 | D        | Killed a titan
  6851 | D        | Noticed Mennas
  6892 | D        | Killed Mennas
  6897 | D        | Noticed an Ice Fiend
  6897 | D        | Noticed Dissolution
  6897 | D        | Noticed a Brimstone Fiend
  6899 | D        | Killed an Ice Fiend
  6899 | D        | Killed a Brimstone Fiend
  6909 | D        | Killed Dissolution
  6910 | D        | Reached skill level 27 in Dodging
  7062 | D        | Reached skill level 15 in Staves
  7068 | D        | Found the +7 sceptre of Asmodeus
  7068 | D        | Noticed Asmodeus
  7113 | D        | Killed Asmodeus
  7312 | D        | Found the +8 Vampire's Tooth {vamp}
  7312 | D        | Noticed a golden dragon
  7312 | D        | Noticed a golden dragon
  7313 | D        | Killed a golden dragon
  7313 | D        | Killed a golden dragon
  7313 | D        | Noticed a golden dragon
  7314 | D        | Reached XP level 20. HP: 197/197 MP: 28/37
  7314 | D        | Killed a golden dragon
  7315 | D        | Noticed a golden dragon
  7315 | D        | Noticed a golden dragon
  7315 | D        | Noticed a golden dragon
  7316 | D        | Killed a golden dragon
  7316 | D        | Killed a golden dragon
  7316 | D        | Killed a golden dragon
  7317 | D        | Killed a golden dragon
  7332 | D        | Noticed a golden dragon
  7333 | D        | Noticed a golden dragon
  7334 | D        | Noticed a golden dragon
  7336 | D        | Killed a golden dragon
  7336 | D        | Killed a golden dragon
  7336 | D        | Killed a golden dragon
  7490 | D        | Got the ring "Ibyfiun" {rPois Int+7}
  7496 | D        | Got a golden rune of Zot
  7499 | D        | Got the ring "Based" {Will+ Dex+9 Stlth-}
  7502 | D        | Got the ring "Paishrau" {Wiz rPois Will+ Str-2 Stlth+}
  7505 | D        | Got the +12 gold dragon scales of the Lute {rPois rF+ rC+
                  | Will++}
  7559 | D        | Acquired a manual of Transmutations
  7638 | D        | Reached skill level 27 in Staves
  7649 | D        | Noticed an electric golem
  7661 | D        | Killed an electric golem
  7664 | D        | Noticed Jory
  7673 | D        | Killed Jory
  7713 | D        | Noticed an Ice Fiend
  7717 | D        | Killed an Ice Fiend
  7718 | D        | Reached XP level 21. HP: 204/204 MP: 38/38
  7729 | D        | Reached skill level 27 in Ranged Weapons
  7729 | D        | Reached skill level 1 in Spellcasting
  7739 | D        | Learned a level 9 spell: Shatter
  7741 | D        | Noticed Tyif the pandemonium lord
  7752 | D        | Killed Tyif the pandemonium lord
  7753 | D        | Reached skill level 1 in Throwing
  8084 | D        | Noticed a golden dragon
  8095 | D        | Killed a golden dragon
  8118 | D        | Noticed Nikola
  8127 | D        | Killed Nikola
  8128 | D        | Reached skill level 5 in Spellcasting
  8128 | D        | Reached skill level 5 in Earth Magic
  8137 | D        | Reached skill level 5 in Throwing
  8441 | D        | Noticed a royal mummy
  8451 | D        | Killed a royal mummy
  8756 | D        | Gained mutation: You are vulnerable to heat. (rF-) [a
                  | cacodemon]
  8764 | D        | Noticed a Tzitzimitl
  8765 | D        | Noticed a royal mummy
  8770 | D        | Killed a Tzitzimitl
  8771 | D        | Reached skill level 10 in Earth Magic
  8780 | D        | Killed a royal mummy
  8929 | D        | Reached skill level 10 in Spellcasting
  8931 | D        | Noticed Ereshkigal
  8932 | D        | Noticed a Tzitzimitl
  8936 | D        | Noticed a Tzitzimitl
  8945 | D        | Reached skill level 10 in Throwing
  8952 | D        | Noticed a Tzitzimitl
  8959 | D        | Noticed a Tzitzimitl
  8962 | D        | Noticed a Tzitzimitl
  8962 | D        | Killed from afar by a Tzitzimitl

Illustrated notes

Levels and vault maps discovered:
D:        pitsprint [storerooms_1, entrance_room_1, metal_vault_6, armoury_1,
          mini_pit_1, grid_room_1, main_hall_1, silver_pit, the_coven_1,
          the_vestibule_1, steel_vault_2, golden_pit, hallway_of_sentries,
          crystal_vault_2, iron_vault_3, final_vault]

Skill      XL: |  1  2  3  4  5  6  7  8  9 10 11 12 13 14 15 16 17 18 19 20 21 |
---------------+----------------------------------------------------------------+-----
Fighting       | 5 6 7 8 9 11 12 15 16 19 22 25 27 | 27.0
Staves         | 5 7 8 10 12 13 14 21 27 | 27.0
Armour         | 5 6 7 8 9 11 12 15 17 18 23 27 | 27.0
Shields        | 6 7 8 9 15 16 24 27 | 27.0
Invocations    | 2 5 7 8 10 14 18 21 25 27 | 27.0
Evocations     | 9 15 20 27 | 27.0
Dodging        | 5 14 22 27 | 27.0
Ranged Weapons | 19 26 27 | 27.0
Spellcasting   | 10 | 10.4
Transmutations | 6 |  6.2
Throwing       | 10 | 10.1
Earth Magic    | 12 | 12.0

Action                   |  1- 3 |  4- 6 |  7- 9 | 10-12 | 13-15 | 16-18 | 19-21 || total
-------------------------+-------+-------+-------+-------+-------+-------+-------++-------
Melee: Quarterstaff      |     3 |    56 |   104 |   190 |   237 |       |       ||   590
       Lajatang          |       |       |       |       |     1 |   241 |   376 ||   618
Invok: Disaster Area     |       |       |       |     9 |    13 |    25 |    11 ||    58
       Elemental Force   |       |       |       |     1 |     1 |       |       ||     2
 Abil: Dig               |       |       |       |       |       |       |     1 ||     1
  Use: Potion            |       |       |       |     4 |     1 |     4 |     6 ||    15
       Scroll            |       |       |       |       |       |     4 |     2 ||     6
 Stab: Distracted        |       |       |       |       |     3 |       |       ||     3
Armor: Scale mail        |       |    18 |       |       |       |       |       ||    18
       Plate armour      |       |     7 |    28 |    38 |    50 |    62 |     7 ||   192
       Gold dragon scale |       |       |       |       |       |       |    49 ||    49
Dodge: Dodged            |       |    22 |    14 |    15 |    59 |    53 |    88 ||   251
       Repelled          |       |       |       |     2 |       |     3 |     8 ||    13
Block: Buckler           |       |    30 |    40 |    74 |    75 |       |       ||   219
       Tower shield      |       |       |       |       |     1 |   326 |   477 ||   804
       Reflection        |       |       |       |       |       |       |     7 ||     7

Table legend: (Time is in decaauts)
 A = Elapsed time spent in this place.
 B = Non-inter-level travel time spent in this place.
 C = Inter-level travel time spent in this place.
 D = Time resting spent in this place.
 E = Time spent auto-exploring this place.
 F = Levels seen in this place.
 G = Mean time per level.
                   A        B        C        D        E       F      G
               +--------+--------+--------+--------+--------+-----+--------+
         Total |   8515 |   8445 |     70 |   4644 |     98 |   1 | 8515.0 |
       Dungeon |   8515 |   8445 |     70 |   4644 |     98 |   1 | 8515.0 |
               +--------+--------+--------+--------+--------+-----+--------+

Top non-repeatable levels by time:
       D: 8515 daAuts
